Match 46087254
Unlisted

Match 46087254
End
Construct Infanterie Kompanie
Selects Italian Coastal Battlegroup
Selects Coastal Reserves
Kettenkrad Recon Vehicle
MG 42 Machine Gun Team
GrW 34 Mortar Team
Grenadier Squad
Coastal Reserve
Selects Artillery Officer
MG 42 Bunker
Artillery Officer
Construct Luftwaffe Kompanie
Selects Support Bunkers
Jäger Squad
MG 42 Bunker
Construct Panzer Kompanie
MG 42 Bunker
Panzer IV Medium Tank
Selects Rapid Fortifications
Pioneer Squad
Rapid Fortifications
Panzer Officer Quarters
Side Skirts
Anti-tank Bunker
Rapid Fortifications
MG 42 Bunker
MG 42 Bunker
Anti-tank Bunker
Sturmpanzer IV Brummbär
Rapid Fortifications
Anti-tank Bunker
Selects Obice da 210/22 Artillery Emplacement
Rapid Fortifications
MG 42 Bunker
Coastal Reserve
Panzer IV Medium Tank
Panzer IV Medium Tank
Rapid Fortifications
Selects Bulwark
Jäger Squad
Rapid Fortifications
Anti-tank Bunker
Anti-tank Bunker
Panzer IV Medium Tank
Artillery Officer
Pioneer Squad
Rapid Fortifications
MG 42 Bunker
Anti-tank Bunker
Panzer IV Medium Tank
Panzer IV Medium Tank
Rapid Fortifications
Anti-tank Bunker
Panzer IV Medium Tank
Pioneer Squad
Kavkoo
LATIREMO
Gaius Julius Caesar
TaNkKGB
Bran
DrewP
Dillbro
Truax
0
0

Comments sign in to comment!

No comments posted yet!